 Dungeon Sprint DCSS version 0.24-a0-784-g601f8f6d22 (webtiles) character file.

Game seed: 17951992406086449075, levelgen mode: deterministic

1825 IC0N0FSIN the Protected (level 9, -7/62 HPs)
             Began as a Gargoyle Fighter on Oct 9, 2019.
             Was an Initiate of Ru.
             Mangled by a death knight
             ... wielding a +0 glaive of chopping
              (10 damage)
             ... in the Dungeon (Sprint IX: "|||||||||||||||||||||||||||||").
             The game lasted 00:11:55 (737 turns).

IC0N0FSIN the Protected (Gargoyle Fighter)           Turns: 737, Time: 00:11:56

Health: -7/62      AC: 26    Str: 23    XL:     9   Next: 11%
Magic:  10/10      EV:  7    Int: 12    God:    Ru [......]
Gold:   0          SH: 12    Dex:  9    Spells: 8/8 levels left

rFire    . . .     SeeInvis .   s - +2 scimitar (slice)
rCold    . . .     Gourm    .   c - +0 shield
rNeg     + . .     Faith    .   w - +0 plate armour
rPois    ∞         Spirit   .   u - +0 helmet
rElec    +         Reflect  .   v - +0 cloak
rCorr    .         Harm     .   (no gloves)
MR       .....     NoTele   +   (no boots)
Stlth    ..........             (no amulet)
HPRegen  0.20/turn              b - +3 ring of intelligence
MPRegen  0.12/turn              x - +2 ring of protection

@: very slightly contaminated
A: negative energy resistance 1, electricity resistance, unbreathing,
petrification resistance, rot immunity, no stealth, AC +6
a: Renounce Religion


You were in the Dungeon.
You worshipped Ru.
Ru was noncommittal.
You were not hungry.

You visited 1 branch

Inventory:

Hand Weapons
 a - a +0 flail
 o - a +2 halberd of venom
 p - a +2 morningstar of draining
 q - a +4 quarterstaff of speed
 r - a +2 rapier of draining
 s - a +2 scimitar of slicing (weapon)
 t - a +3 war axe of chopping
Armour
 c - a +0 shield (worn)
 u - a +0 helmet (worn)
 v - a +0 cloak (worn)
 w - a +0 plate armour (worn)
Magical Staves
 n - an uncursed staff of energy
Jewellery
 b - a +3 ring of intelligence (left hand)
 x - a +2 ring of protection (right hand)
Scrolls
 j - 3 scrolls of remove curse
 l - 2 scrolls of amnesia
Potions
 d - a potion of invisibility
 e - 3 potions of curing
 i - 4 potions of magic
Comestibles
 f - a ration
 h - 3 chunks of flesh


   Skills:
 + Level 10.1 Fighting
 + Level 7.9 Long Blades
 + Level 8.4 Maces & Flails
 + Level 11.2 Armour
 + Level 2.1 Dodging
 + Level 10.0 Shields
 + Level 1.5 Evocations


You had 8 spell levels left.
You didn't know any spells.
Your spell library was empty.

Dungeon Overview and Level Annotations

Branches:
Dungeon (1/1)

Altars:
Cheibriados
Dithmenos
Elyvilon
Fedhas
Gozag
Hepliaklqana
Kikubaaqudgha
Makhleb
Nemelex Xobeh
Okawaru
Qazlal
Ru
Sif Muna
Trog
Uskayaw
Vehumet
Wu Jian
Xom
Yredelemnul
Zin
The Shining One
Beogh
Jiyva
Lugonu


Innate Abilities, Weirdness & Mutations

You are resistant to torment.
Your stone body is resilient. (AC +6)
You are immune to poison.
You resist negative energy. (rN+)
You are resistant to electric shocks. (rElec)
You can survive without breathing.
You are immune to petrification.
You are immune to rotting.
You cannot be stealthy.


Message History

The death knight barely misses you.
The crimson imp hits you but does no damage.
You slash the death knight!
The death knight is almost dead.
You block the death knight's attack.
The crimson imp hits you but does no damage.
You closely miss the death knight.
The death knight is almost dead.
The crimson imp hits you but does no damage.
You block the death knight's attack.
You hit the death knight.
The death knight is almost dead.
The crimson imp hits you but does no damage.
The death knight mumbles some strange prayers to Yredelemnul against you.
You barely resist. You hit the death knight.
The death knight is almost dead.
You block the crimson imp's attack.
The death knight hits you with a +0 glaive of chopping!
You die... ▓▓▓▓▓▓▓▓▓▓▓▓▓▓▓▓▓▓▓▓▓▓▓▓▓▓▓▓▓▓▓▓▓ .p'S.5...†.)...p@5.'_____________ ▓▓▓▓▓▓▓▓▓▓▓▓▓▓▓▓▓▓▓▓▓▓▓▓▓▓▓▓▓▓▓▓▓

You could see a death knight and a crimson imp.

Vanquished Creatures
  A hydra (D)
  A two-headed ogre (D)
  A wraith (D)
  A water moccasin (D)
  An ogre (D)
  A bullfrog (D)
  2 hounds (D)
  2 adders (D)
  An adder skeleton (D)
  A leopard gecko (D)
  An orc (D)
  A bat (D)
  A bat skeleton (D)
  A giant cockroach (D)
  A kobold (D)
  A quokka (D)
  2 frilled lizards (D)
20 creatures vanquished.

Notes
Turn   | Place    | Note
-------+----------+-------------------------------------------
     0 | D        | IC0N0FSIN the Gargoyle Fighter began the quest for the Orb.
     0 | D        | Reached XP level 1. HP: 14/14 MP: 1/1
    59 | D        | Noticed an ogre
    71 | D        | Reached skill level 4 in Armour
    71 | D        | Reached XP level 2. HP: 20/20 MP: 2/2
    75 | D        | Killed an ogre
    75 | D        | Reached skill level 6 in Armour
    75 | D        | Reached skill level 5 in Shields
    75 | D        | Reached XP level 3. HP: 12/27 MP: 3/3
    75 | D        | Reached XP level 4. HP: 15/32 MP: 4/4
   434 | D        | Found a roughly hewn altar of Beogh.
   434 | D        | Found a snail-covered altar of Cheibriados.
   434 | D        | Found a shadowy altar of Dithmenos.
   434 | D        | Found a white marble altar of Elyvilon.
   434 | D        | Found a blossoming altar of Fedhas.
   434 | D        | Found an opulent altar of Gozag.
   435 | D        | Found a hazy altar of Hepliaklqana.
   436 | D        | Found a viscous altar of Jiyva.
   437 | D        | Found an ancient bone altar of Kikubaaqudgha.
   438 | D        | Found a corrupted altar of Lugonu.
   441 | D        | Found a burning altar of Makhleb.
   442 | D        | Found a sparkling altar of Nemelex Xobeh.
   443 | D        | Found an iron altar of Okawaru.
   444 | D        | Found a stormy altar of Qazlal.
   445 | D        | Found a sacrificial altar of Ru.
   446 | D        | Found a shimmering blue altar of Sif Muna.
   447 | D        | Found a bloodstained altar of Trog.
   448 | D        | Found a hide-covered altar of Uskayaw.
   449 | D        | Found a radiant altar of Vehumet.
   450 | D        | Found an ornate altar of the Wu Jian Council.
   451 | D        | Found a shimmering altar of Xom.
   454 | D        | Found a basalt altar of Yredelemnul.
   455 | D        | Became a worshipper of Ru the Awakened
   456 | D        | Found a glowing silver altar of Zin.
   457 | D        | Found a glowing golden altar of the Shining One.
   522 | D        | Noticed a two-headed ogre
   522 | D        | Noticed a bullfrog
   522 | D        | Noticed a wraith
   531 | D        | Killed a wraith
   531 | D        | Reached skill level 1 in Long Blades
   531 | D        | Reached skill level 5 in Maces & Flails
   531 | D        | Reached skill level 8 in Armour
   531 | D        | Reached XP level 5. HP: 30/38 MP: 5/5
   531 | D        | Reached XP level 6. HP: 35/44 MP: 6/6
   545 | D        | Killed a two-headed ogre
   545 | D        | Reached skill level 10 in Armour
   545 | D        | Reached skill level 1 in Dodging
   545 | D        | Reached XP level 7. HP: 35/51 MP: 7/7
   545 | D        | Reached XP level 8. HP: 38/56 MP: 8/8
   565 | D        | Reached skill level 5 in Long Blades
   696 | D        | Noticed a death knight
   696 | D        | Noticed a four-headed hydra
   712 | D        | Killed an eight-headed hydra
   712 | D        | Reached skill level 10 in Fighting
   712 | D        | Reached skill level 11 in Armour
   712 | D        | Reached skill level 10 in Shields
   712 | D        | Reached skill level 1 in Evocations
   712 | D        | Reached XP level 9. HP: 26/62 MP: 8/10
   715 | D        | Gained mutation: You cannot be stealthy. [Ru sacrifice]
   731 | D        | HP: 2/62 [death knight/+0 glaive of chopping (5)]
   737 | D        | Mangled by a death knight

Levels and vault maps discovered:
D:        linesprint [early_d, line_temple, items_1, d_10, items_2, lair_1,
          lair_end, items_3, orc_1, orc_end, items_4, d_15, swamp_1, shoals_1,
          snake_1, spider_1, d_20, vaults_1, items_5, swamp_end, shoals_end,
          snake_end, spider_end, vaults_end, d_27, items_6, zot_1, zot_end,
          crypt_end, forest_end, elf_end, slime_end, tomb_end, abyss_end,
          pan_hell_end]

Skill      XL: |  1  2  3  4  5  6  7  8 |
---------------+-------------------------+-----
Fighting       | 4 6 7 9 10 | 10.1
Armour         | 4 6 8 10 11 | 11.2
Shields        | 4 5 7 9 10 | 10.0
Maces & Flails | 3 5 7 8 |  8.4
Long Blades    | 1 4 7 |  7.9
Dodging        | 1 2 |  2.1
Evocations     | 1 |  1.5

Action                   |  1- 3 |  4- 6 |  7- 9 || total
-------------------------+-------+-------+-------++-------
Melee: Flail             |    35 |     9 |       ||    44
       Scimitar          |       |    17 |    41 ||    58
Invok: Sacrifice Stealth |       |       |     1 ||     1
Evoke: Wand              |       |       |    10 ||    10
  Use: Potion            |     2 |     4 |     2 ||     8
       Scroll            |       |       |     2 ||     2
Armor: Scale mail        |    11 |     1 |       ||    12
       Plate armour      |       |    16 |    39 ||    55
Dodge: Dodged            |    14 |     4 |    10 ||    28
Block: Shield            |    13 |    14 |    20 ||    47
       Rpst.: Scimitar   |       |     1 |     3 ||     4

Table legend:
 A = Non-vault XP
 B = Vault XP
 C = Vault XP percentage of total XP
 D = Non-vault monster count
 E = Vault monster count
 F = Vault count percentage of total count
                 A         B        C        D         E       F
            +---------+---------+-------+---------+---------+-------
      Total |       0 |    2608 | 100.0 |       0 |      20 | 100.0
            +---------+---------+-------+---------+---------+-------
          D |       0 |    2608 | 100.0 |       0 |      20 | 100.0
            +---------+---------+-------+---------+---------+-------
